 Dungeon Crawl Stone Soup version 0.27-a0-1137-g3ef0f4ec91 (webtiles) character file.

Game seed: 7475187696939208097

4 Anon1729 the Sneak (level 1, -1/16 HPs)
             Began as an Octopode Delver on May 6, 2021.
             Slain by an orc wizard
             ... wielding a +0 dagger
              (2 damage)
             ... on level 5 of the Dungeon.
             The game lasted 00:00:31 (197 turns).

Anon1729 the Sneak (Octopode Delver)                 Turns: 197, Time: 00:00:32

Health: -1/16      AC:  1    Str: 11    XL:     1   Next: 60%
Magic:  1/1        EV: 13    Int: 12    God:
Gold:   7          SH:  0    Dex: 13    Spells: 0/0 levels left

rFire    . . .     SeeInvis .     - Unarmed
rCold    . . .     Faith    .   (no shield)
rNeg     . . .     Spirit   .   (helmet restricted)
rPois    .         Reflect  .   (no amulet)
rElec    .         Harm     .   (no ring)
rCorr    .         Rampage  .   (no ring)
Will     .....                  (no ring)
Stlth    ++++......             (no ring)
HPRegen  0.05/turn              (no ring)
MPRegen  0.07/turn              (no ring)
                                (no ring)
                                (no ring)

@: no status effects
A: almost no armour, amphibious, 8 rings, camouflage 1, gelatinous body 1,
(nimble swimmer 1), tentacles
a: no special abilities


You were on level 5 of the Dungeon.
You visited 1 branch of the dungeon, and saw 1 of its levels.

You collected 7 gold pieces.

Inventory:

Wands
 e - a wand of digging (3)
Scrolls
 a - a scroll of fog
 b - a scroll of magic mapping
 c - a scroll of fear
Potions
 d - a potion of haste


   Skills:
 + Level 3.0 Fighting
 + Level 2.0 Dodging
 + Level 6.6 Stealth
 * Level 2.1 Unarmed Combat


You couldn't memorise any spells.
You didn't know any spells.
Your spell library was empty.

Dungeon Overview and Level Annotations

Branches:
Dungeon (5/15)
 Temple: D:4-7

Altars:


Innate Abilities, Weirdness & Mutations

You cannot wear most types of armour.
You are amphibious.
You can wear up to eight rings at the same time.
Your skin changes colour to match your surroundings (Stealth+).
Your rubbery body absorbs attacks. (AC +1, EV +1)
((You are camouflaged near water. (Stealth+)))
You have tentacles for arms and can constrict up to eight enemies at once.


Message History

You tentacle-slap the orc.
The orc is lightly wounded.
You constrict the orc, but do no damage.
You constrict the orc priest, but do no damage.
The orc closely misses you. The orc priest hits you with a +0 club.
You tentacle-slap the orc priest but do no damage.
The orc priest is lightly wounded.
You constrict the orc.
You constrict the orc priest, but do no damage.
The orc closely misses you.
The orc priest calls upon Beogh to heal the orc.
The orc's wounds heal themselves!
You barely miss the orc priest. You squeeze the orc priest.
The orc priest is lightly wounded.
You constrict the orc.
You constrict the orc priest, but do no damage.
The orc wizard points at itself and mumbles some strange words.
The orc wizard flickers and vanishes!
Deactivating autopickup; reactivate with Ctrl-A.
The orc hits you with a +0 short sword. The orc priest misses you.
The orc wizard points at itself and mumbles some strange words.
The orc wizard flickers and vanishes!
You tentacle-slap the orc. You squeeze the orc.
You kill the orc!
You constrict the orc priest. The orc priest closely misses you.
You tentacle-slap the orc priest but do no damage.
The orc priest is moderately wounded.
You constrict the orc priest.
The orc priest escapes!
You tentacle-slap the orc priest but do no damage.
You grab the orc priest. You squeeze the orc priest.
The orc priest is heavily wounded.
You constrict the orc priest, but do no damage.
A puff of flame appears from out of thin air!
The puff of flame hits something!
The orc priest hits you with a +0 club.
* * * LOW HITPOINT WARNING * * *
You tentacle-slap the orc priest but do no damage.
The orc priest is heavily wounded.
You constrict the orc priest, but do no damage.
Something hits you.
You die...

#.# #.# # #.#
#. #.# ###.####
#.# #......#
#.# #......#
#.# #......#
#.#
#...#..#####@#
....?(...o{..o#
##......#######
#.....## ######


You could see an orc priest and an orc.

Vanquished Creatures
  2 orcs (D:5)
2 creatures vanquished.

Notes
Turn   | Place    | Note
-------+----------+-------------------------------------------
     0 | D:5      | Anon1729 the Octopode Delver began the quest for the Orb.
     0 | D:5      | Reached XP level 1. HP: 16/16 MP: 1/1
   178 | D:5      | Noticed an orc wizard
   178 | D:5      | Noticed an orc priest
   178 | D:5      | Noticed an orc wizard
   197 | D:5      | Slain by an orc wizard

Illustrated notes

Levels and vault maps discovered:
D:5:      layout_loops_corners, serial_shops, shop, grunt_ministairs_5,
          uniq_crazy_yiuf_cottage

Action                   || total
-------------------------++-------
Melee: Unarmed           ||    15
       Constrict         ||     5
       Tentacles         ||     4
Dodge: Dodged            ||    11

Table legend: (Time is in decaauts)
 A = Elapsed time spent in this place.
 B = Non-inter-level travel time spent in this place.
 C = Inter-level travel time spent in this place.
 D = Time resting spent in this place.
 E = Time spent auto-exploring this place.
 F = Levels seen in this place.
 G = Mean time per level.
                   A        B        C        D        E       F      G
               +--------+--------+--------+--------+--------+-----+--------+
         Total |    196 |    196 |      0 |      0 |    168 |   1 |  196.0 |
       Dungeon |    196 |    196 |      0 |      0 |    168 |   1 |  196.0 |
               +--------+--------+--------+--------+--------+-----+--------+

Top non-repeatable levels by time:
     D:5: 196 daAuts
